 Dungeon Crawl Stone Soup version 0.29-a0-378-gc08b2e8bf8 (webtiles) character file.

Game seed: 13750995363585189592

222 happo123 the Ruffian (level 5, -4/53 HPs)
             Began as a Troll Berserker on May 5, 2022.
             Was a Priest of Trog.
             Slain by a gnoll
             ... wielding a +0 flail
              (8 damage)
             ... on level 3 of the Dungeon.
             The game lasted 00:08:59 (1654 turns).

happo123 the Ruffian (Troll Berserker)              Turns: 1654, Time: 00:08:59

Health: -4/53      AC:  4    Str: 27    XL:     5   Next: 66%
Magic:  4/4        EV: 10    Int:  3    God:    Trog [***...]
Gold:   91         SH:  0    Dex:  9    Spells: 4/4 levels left

rFire   . . .      SeeInvis .     - Unarmed
rCold   . . .      Faith    .   (no shield)
rNeg    . . .      Spirit   .   a - +0 animal skin
rPois   .          Reflect  .   (helmet restricted)
rElec   .          Harm     .   (no cloak)
rCorr   .          Rampage  .   (gloves unavailable)
Will    ++...                   (boots unavailable)
Stlth   +.........              (no amulet)
HPRegen 1.97/turn               (no ring)
MPRegen 0.09/turn               (no ring)

@: strong-willed, regenerating
A: large, unfitting armour, claws 3, regeneration 1, shaggy fur 1, tough skin 1
a: Renounce Religion, Berserk, Trog's Hand


You were on level 3 of the Dungeon.
You worshipped Trog.
Trog was most pleased with you.
You visited 1 branch of the dungeon, and saw 3 of its levels.

You collected 91 gold pieces.

Inventory:

Armour
 a - a +0 animal skin (worn)
Wands
 l - a wand of mindburst (15)
Scrolls
 b - 5 scrolls of identify {unknown}
 c - 2 scrolls of noise {unknown}
 d - a scroll of magic mapping {unknown}
 f - a scroll of vulnerability {unknown}
 h - a scroll of poison {unknown}
 i - a scroll of enchant armour {unknown}
 j - 2 scrolls of teleportation {unknown}
Potions
 e - 2 potions of lignification {unknown}
 g - 2 potions of curing {unknown}
 k - a potion of cancellation {unknown}
 m - a potion of attraction {unknown}
 n - a potion of heal wounds {unknown}


   Skills:
 + Level 3.0 Fighting
 + Level 3.4 Dodging
 + Level 0.4 Stealth
 + Level 5.1 Unarmed Combat


You had 4 spell levels left.
You didn't know any spells.
Your spell library was empty.

Dungeon Overview and Level Annotations

Branches:
Dungeon (3/15)

Altars:


Innate Abilities, Weirdness & Mutations

You are too large for most types of armour.
You have claws for hands.
Your natural rate of healing is unusually fast.
You are covered in fur. (AC +1)
You have tough skin. (AC +1)


Message History

Found a stone staircase leading up.
The gnoll shouts!
A gnoll comes into view. It is wielding a +0 spear.
A gnoll comes into view. It is wielding a +0 flail.
The gnoll shouts! x2
The gnoll hits you with a +0 club.
You barely miss the gnoll. The gnoll barely misses you.
The gnoll hits you from afar with a +0 spear.
A frilled lizard comes into view.
The gnoll barely misses you.
You claw the gnoll!
You kill the gnoll!
Trog accepts your kill.
The gnoll hits you from afar with a +0 halberd.
The gnoll hits you from afar with a +0 spear.
The gnoll barely misses you. The gnoll closely misses you.
The gnoll hits you with a +0 spear.
Things that are here:
a +0 club; a gnoll corpse You scratch the gnoll but do no damage.
The gnoll hits you with a +0 halberd. The gnoll hits you with a +0 flail!
The gnoll hits you with a +0 spear.
You claw the gnoll!
The gnoll is severely wounded.
The gnoll closely misses you. The gnoll completely misses you.
The gnoll hits you with a +0 spear.
Your skin crawls.
You feel strong-willed.
The gnoll barely misses you. x2; The gnoll hits you with a +0 spear.
You barely miss the gnoll.
The gnoll is severely wounded.
The gnoll hits you with a +0 halberd!
* * * LOW HITPOINT WARNING * * *
The gnoll misses you. The gnoll hits you with a +0 spear.
* * * LOW HITPOINT WARNING * * *
You closely miss the gnoll.
The gnoll is severely wounded.
The gnoll hits you with a +0 halberd.
* * * LOW HITPOINT WARNING * * *
The gnoll hits you with a +0 flail!
You die...

##
####.##...##
#..# #.####
#....##..##
#..# #.# #
#....##.##
#... ..# #
#.......#
... ######
#....##.#
.....
#....##.#
#.#..
#######.#
##. #.# #
#@#
#....ggg...#
#.....l....#
#..........#
#.........##
#.....<...#
#.........#
#.........#


You could see 3 gnolls and a frilled lizard.

Vanquished Creatures
  2 orc priests (D:3)
  Terence (D:2)
  A gnoll (D:3)
  5 adders
  5 dart slugs
  2 orcs (D:3)
  6 ball pythons
  8 bats
  8 endoplasms
  3 giant cockroaches
  3 goblins
  9 hobgoblins
  6 jackals (D:1)
  3 frilled lizards
  5 kobolds
  5 rats (D:1)
72 creatures vanquished.

Notes
Turn   | Place    | Note
-------+----------+-------------------------------------------
     0 | D:1      | happo123 the Troll Berserker began the quest for the Orb.
     0 | D:1      | Reached XP level 1. HP: 22/22 MP: 0/0
   113 | D:1      | Reached XP level 2. HP: 29/29 MP: 1/1
   136 | D:1      | Found a faded altar of an unknown god.
   270 | D:1      | Reached ** piety under Trog
   446 | D:1      | Reached XP level 3. HP: 36/36 MP: 2/2
   948 | D:2      | Reached XP level 4. HP: 44/44 MP: 3/3
   984 | D:2      | Reached skill level 4 in Unarmed Combat
  1105 | D:2      | Noticed Terence
  1114 | D:2      | Killed Terence
  1393 | D:3      | Reached XP level 5. HP: 52/52 MP: 4/4
  1482 | D:3      | Reached *** piety under Trog
  1483 | D:3      | Reached skill level 5 in Unarmed Combat
  1654 | D:3      | Slain by a gnoll

Illustrated notes

Levels and vault maps discovered:
D:1:      ebering_hopf_link, layout_loops_ring, chequers_ecumenical_altar_island
D:2:      layout_loops_ring, grunt_decor_cap, minmay_curled_crystal,
          uniq_terence
D:3:      layout_rooms, chequers_serial_rivers_small_3, minmay_between

Skill      XL: |  1  2  3  4  5 |
---------------+----------------+-----
Dodging        | 3 |  3.4
Unarmed Combat | 4 5 |  5.1
Fighting       | 3 |  3.0
Stealth        | |  0.4

Action                   |  1- 3 |  4- 6 || total
-------------------------+-------+-------++-------
Melee: Unarmed           |    81 |    75 ||   156
       Punch             |     2 |       ||     2
Invok: Berserk           |       |     1 ||     1
       Trog's Hand       |       |     1 ||     1
 Stab: Sleeping          |     1 |       ||     1
Armor: Animal skin       |    27 |    15 ||    42
Dodge: Dodged            |    37 |    39 ||    76

Table legend: (Time is in decaauts)
 A = Elapsed time spent in this place.
 B = Non-inter-level travel time spent in this place.
 C = Inter-level travel time spent in this place.
 D = Time resting spent in this place.
 E = Time spent auto-exploring this place.
 F = Levels seen in this place.
 G = Mean time per level.
                   A        B        C        D        E       F      G
               +--------+--------+--------+--------+--------+-----+--------+
         Total |   1647 |   1312 |    335 |      0 |    901 |   3 |  549.0 |
       Dungeon |   1647 |   1312 |    335 |      0 |    901 |   3 |  549.0 |
               +--------+--------+--------+--------+--------+-----+--------+

Top non-repeatable levels by time:
     D:2: 693 daAuts
     D:1: 613 daAuts
     D:3: 341 daAuts
